Cogmind - Beta 10.1 @@@ ROGUE MODE // 2020.09.26 @ 18:46:29 Player: muxecoid Result: Destroyed by D-53 Grenadier with Mini Grenade Launcher Performance ------------- Evolutions (0) 0 Regions Visited (2) 400 Robots Destroyed (17) 85 Value Destroyed (402) 402 Prototype IDs (0) 0 Alien Tech Used (0) 0 Bonus (0) 0 TOTAL SCORE: 887 Bonus ------- None Cogmind --------- Core Integrity 0/250 Matter 250/300 Energy 83/100 System Corruption 0% Temperature Cool (0) Movement Treading (160) Location -10/Mines Parts ------- > --- POWER (1) -------- (None) > --- PROPULSION (2) --- Light Treads Light Treads > --- UTILITY (2) ------ High-capacity Storage Unit Improved Signal Interpreter > --- WEAPON (2) ------- Heavy Assault Rifle Heavy Assault Rifle > --- INVENTORY (12) --- Ion Engine Wheel Medium Storage Unit High-capacity Storage Unit Decoy Drone Bay Light Assault Rifle Heavy Assault Rifle Rocket Launcher Peak State ------------ > --- POWER ------------ Light Ion Engine > --- PROPULSION ------- Wheel Wheel > --- UTILITY ---------- High-capacity Storage Unit Improved Signal Interpreter > --- WEAPON ----------- Heavy Assault Rifle Heavy Assault Rifle > --- INVENTORY -------- Ion Engine Light Treads Light Treads Wheel Medium Storage Unit High-capacity Storage Unit Decoy Drone Bay Light Assault Rifle Heavy Assault Rifle Heavy Assault Rifle Rocket Launcher [Rating: 12] Favorites ----------- Power Light Ion Engine Engine Light Ion Engine Propulsion Wheel Treads Light Treads Wheel Wheel Utility Improved Signal Interpreter Storage High-capacity Storage Unit Processor Improved Signal Interpreter Weapon Heavy Assault Rifle Ballistic Gun Heavy Assault Rifle Launcher Rocket Launcher Build | -11 -10 -10 ------- Run | Scr Mat Min Slots Evolved . | . . . Power . | . . . Propulsion . | . . . Utility . | . . . Weapon . | . . . Parts Attached 16 | 6 5 5 Power 2 | 1 1 . Engine 2 | 1 1 . Core . | . . . Reactor . | . . . Propulsion 4 | 2 . 2 Treads 2 | . . 2 Leg . | . . . Wheel 2 | 2 . . Hover . | . . . Flight . | . . . Utility 3 | 1 2 . Device . | . . . Storage 2 | 1 1 . Processor 1 | . 1 . Hackware . | . . . Protection . | . . . Artifact . | . . . Weapon 7 | 2 2 3 Energy Gun . | . . . Energy Cannon . | . . . Ballistic Gun 6 | 2 2 2 Ballistic Cannon . | . . . Launcher 1 | . . 1 Special Weapon . | . . . Impact Weapon . | . . . Slashing Weapon . | . . . Piercing Weapon . | . . . Special Melee Weapon . | . . . Unidentified Prototypes . | . . . Parts Lost 5 | . 1 4 Power 2 | . 1 1 Propulsion 2 | . . 2 Utility . | . . . Weapon 1 | . . 1 Highest Loss Streak 4 | . 1 4 Average Slot Usage (%) 99 | . 99 99 Engine 14 | . 14 14 Wheel 27 | . 28 27 Storage 14 | . 14 14 Processor 13 | . 13 14 Ballistic Gun 27 | . 28 27 Naked Turns . | . . . Heaviest Build 43 | 11 43 42 Greatest Support 20 | 20 20 20 Greatest Overweight (x) 4 | . 2 4 Average Overweight (x) 1 | . 1 2 Largest Inventory Capacity 12 | 6 12 12 Average Capacity 11 | 5 11 12 Most Carried 12 | 4 10 12 Average Carried 8 | 2 7 11 Final Capacity 12 | 6 12 12 Final Carried 10 | 4 10 9 Class Distribution -------------------- 100% | Mutant Dominant Class ---------------- Mutant | -10/Materials Mutant | -10/Mines Resources | -11 -10 -10 ----------- Run | Scr Mat Min Matter Collected 631 | 167 401 63 Remotely . | . . . Salvage Created 583 | . 477 106 Parts 27 | . 23 4 Haulers Intercepted 1 | . 1 . Recyclers Shooed 2 | . 1 1 Parts Field Recycled . | . . . Retrieved Matter . | . . . Parts Self-Destructed . | . . . Prevented . | . . . Kills | -11 -10 -10 ------- Run | Scr Mat Min Combat Hostiles Destroyed 14 | . 11 3 Guns 13 | . 11 2 AOE 1 | . . 1 Classes Destroyed 6 | . 5 1 Worker 1 | . 1 . Hauler 1 | . 1 . Recycler 1 | . 1 . Swarmer 3 | . 3 . Grunt 10 | . 8 2 Assembled 1 | . . 1 Best Kill Streak 8 | . 8 1 Combat Bots Only 6 | . 6 1 Max Kills in Single Turn 2 | . 2 1 Gunslinging 1 | . 1 . Exploded 1 | . . 1 Melee . | . . . Uniques/NPCs Destroyed . | . . . Combat | -11 -10 -10 -------- Run | Scr Mat Min Damage Taken 802 | . 367 435 Core 268 | . 101 167 Absorbed by Shields . | . . . Core Remaining (%) 100 | 100 . . Volleys Fired 56 | . 43 13 Largest 2 | . 2 2 Hottest 46 | . 46 46 Shots Fired 111 | . 86 25 Gun 110 | . 86 24 Cannon . | . . . Launcher 1 | . . 1 Special . | . . . Kinetic 110 | . 86 24 Thermal . | . . . Explosive 1 | . . 1 Electromagnetic . | . . . Robot Hit Streak 9 | . 9 6 Robot Miss Streak 2 | . 2 2 Penetration Max . | . . . Secondary Targets 1 | . 1 . Max Gunslinging Chain 1 | . 1 . Shots Hit Robots 69 | . 55 14 Core Hits 25 | . 19 6 Critical Hits 1 | . 1 . Critical Kills 1 | . 1 . Critical Parts Destroyed . | . . . Melee Attacks . | . . . Impact . | . . . Slashing . | . . . Piercing . | . . . Sneak Attacks . | . . . Combat Hostiles . | . . . Follow-up Attacks . | . . . Damage Inflicted 1046 | . 793 253 Guns 999 | . 793 206 Cannons . | . . . Explosions 47 | . . 47 Melee . | . . . Ramming . | . . . Kinetic 999 | . 793 206 Thermal . | . . . Explosive 47 | . . 47 Electromagnetic . | . . . Impact . | . . . Slashing . | . . . Piercing . | . . . Highest Corruption . | . . . Average Corruption . | . . . Corruption Purged . | . . . Overload Shots . | . . . Overflow Damage . | . . . Projectiles . | . . . Explosions . | . . . Melee . | . . . Knockbacks . | . . . Impact . | . . . Kinetic . | . . . Secondary . | . . . Self-Inflicted Damage . | . . . Shots . | . . . Rammed . | . . . Targets Rammed . | . . . Kicked . | . . . Crushed . | . . . Highest Temperature 9 | . 9 4 Average Temperature 2 | . 1 3 Received Heat Transfer 252 | . 168 84 Siege Activations . | . . . Robots Corrupted . | . . . Combat Hostiles . | . . . Parts Fried . | . . . Impact Corruptions . | . . . Robots Melted . | . . . Combat Hostiles . | . . . Parts Melted . | . . . Heat Transferred . | . . . Parts Sabotaged . | . . . Parts Stolen . | . . . Parts Stripped . | . . . Power Chain Reactions . | . . . Missiles Intercepted . | . . . Alert | -11 -10 -10 ------- Run | Scr Mat Min Peak Influence 359 | . 359 204 Initial 139 | . . 139 Average 172 | . 196 166 Maximum Alert Level 1 | . 1 1 Low Security (%) 73 | 100 50 99 Level 1 26 | . 49 . Level 2 . | . . . Level 3 . | . . . Level 4 . | . . . Level 5 . | . . . High Security . | . . . Max Security . | . . . Squads Dispatched 4 | . 4 . Investigation 3 | . 3 . Extermination . | . . . Reinforcement 1 | . 1 . Assault . | . . . Garrison . | . . . Intercept . | . . . Construction Impeded . | . . . Haulers Reinforced . | . . . Stealth | -11 -10 -10 --------- Run | Scr Mat Min Distress Signals 1 | . 1 . Communications Jammed . | . . . Distress Signals . | . . . Times Spotted 25 | . 17 8 Peak Tracking Total 5 | . 5 4 Tactical Retreats . | . . . Traps | -11 -10 -10 ------- Run | Scr Mat Min Traps Triggered 1 | . 1 . Indirectly . | . . . Trap Hack Attempts . | . . . Triggered . | . . . Disarmed . | . . . Reprogrammed . | . . . Reused . | . . . Traps Extracted . | . . . Installed . | . . . Triggered . | . . . Machines | -11 -10 -10 ---------- Run | Scr Mat Min Machines Disabled 1 | . 1 . Max in Single Turn 1 | . 1 . Machines Sabotaged . | . . . Garrisons Compromised . | . . . Overloaded Fab Kills . | . . . Fab Network Shutdowns . | . . . Hacking | -11 -10 -10 --------- Run | Scr Mat Min Machines Accessed 4 | . 3 1 Terminals 1 | . 1 . Fabricators . | . . . Repair Stations . | . . . Recycling Units 2 | . 2 . Scanalyzers . | . . . Garrison Access . | . . . Total Hacks 7 | . 6 1 Successful 4 | . 3 1 Failed 3 | . 3 . Catastrophic . | . . . Database Lockouts . | . . . Manual 2 | . 2 . Terminals 4 | . 4 . Fabricators . | . . . Repair Stations . | . . . Recycling Units 2 | . 2 . Scanalyzers . | . . . Garrison Access . | . . . Terminal Hacks 2 | . 1 1 Open Door 1 | . . 1 Branch Access Points 1 | . 1 . Fabricator Hacks . | . . . Repair Station Hacks . | . . . Recycling Unit Hacks . | . . . Scanalyzer . | . . . Garrison Access Hacks . | . . . Unauthorized Hacks 2 | . 2 . Terminals . | . . . Fabricators . | . . . Repair Stations . | . . . Recycling Units 2 | . 2 . Tunnel 2 | . 2 . Scanalyzers . | . . . Garrison Access . | . . . Data Cores Recovered . | . . . Used . | . . . Hacking Detections 1 | . 1 . Full Trace Events . | . . . Feedback Events . | . . . Feedback Blocked . | . . . Robot Schematics Acquired . | . . . Robots Built . | . . . Matter . | . . . Time . | . . . Total Robot Build Rating . | . . . Part Schematics Acquired . | . . . Parts Built . | . . . Matter . | . . . Time . | . . . Total Part Build Rating . | . . . Parts Repaired . | . . . Time . | . . . Parts Recycled . | . . . Recycled Matter . | . . . Retrieved Matter . | . . . Retrieved Components . | . . . Parts Scanalyzed . | . . . Part Schematics Acquired . | . . . Parts Damaged . | . . . Bothacking | -11 -10 -10 ------------ Run | Scr Mat Min Used RIF Installer . | . . . Robots Hacked . | . . . Non-combat . | . . . Combat . | . . . Robot Hacks Applied . | . . . Relay Couplers Released . | . . . Robots Rewired . | . . . Allies Hacked . | . . . Hacks Repelled . | . . . Allies | -11 -10 -10 -------- Run | Scr Mat Min Total Allies . | . . . Largest Group . | . . . Highest-Rated Group . | . . . Highest-Rated Ally . | . . . Total Orders . | . . . Ally Attacks . | . . . Total Damage . | . . . Kills . | . . . Allies Corrupted . | . . . Allies Melted . | . . . Intel | -11 -10 -10 ------- Run | Scr Mat Min Robot Analysis Total . | . . . Derelict Logs Recovered 2 | . . 2 Drone Launches . | . . . Drone Recoveries . | . . . Exploration | -11 -10 -10 ------------- Run | Scr Mat Min Turns Passed 734 | 44 385 305 Spaces Moved 523 | 39 240 244 Core 1 | 1 . . Treads . | . . . Legs . | . . . Wheels 522 | 38 240 244 Hover . | . . . Flight . | . . . Fastest Speed 50 | 50 80 100 Average Speed 96 | 79 95 100 Slowest Speed 120 | 80 100 120 Overloaded Moves . | . . . Propulsion Burnouts . | . . . Robots Hopped . | . . . Cave-ins Triggered . | . . . Exploration Rate (%) 34 | 3 43 57 Regions Visited 2 Branch Regions 1 Pre-discovered Areas 2 | . 2 . Known Exits Taken 1 | . 1 . Unknown Exits Taken 1 | 1 . . Scrap Searched . | . . . Spaces Dug 12 | . . 12 Terrain Destroyed 12 | . . 12 Melee . | . . . Projectile . | . . . AOE 12 | . . 12 Terrain Rammed . | . . . Walls Destroyed . | . . . Machines Disabled . | . . . Actions | -11 -10 -10 --------- Run | Scr Mat Min Total 640 | 48 311 281 Wait 30 | . 14 16 Move 521 | 38 239 244 Hop . | . . . Pick Up 13 | 4 7 2 Fast Attach 7 | 6 1 . Attach 4 | . 1 3 Detach . | . . . Swap 5 | . 3 2 Drop 4 | . 3 1 Fire 56 | . 43 13 Melee . | . . . Ram . | . . . Kick . | . . . Crush . | . . . Escape Stasis . | . . . Rewire . | . . . Trap . | . . . Miscellaneous . | . . . Route ------- -11/Scrapyard -10/Materials (discovered 2 exits: *Mat / *Min) -10/Mines (discovered 1 exit: *Mat) History --------- Turn | Location | Event 17 | -11/Scrapyard | Discovered new exit (range 15) 45 | -11/Scrapyard | Entered Materials 304 | -10/Materials | Build established: Mutant 376 | -10/Materials | Identified exit to Mines 389 | -10/Materials | Discovered new exit (range 5) 430 | -10/Materials | Entered Mines 437 | -10/Mines | Received a Rocket Launcher from a helpful Derelict 458 | -10/Mines | Met a Derelict bent on vengeance 483 | -10/Mines | Learned location of 1 exit from Materials 488 | -10/Mines | Found the Drone Emporium 509 | -10/Mines | Found Prototype Device 531 | -10/Mines | Learned 4 Materials zone layouts 536 | -10/Mines | Discovered new exit (range 5) 548 | -10/Mines | Core integrity fell below 50% 564 | -10/Mines | Identified exit to Materials 654 | -10/Mines | Assembled infested the area 733 | -10/Mines | Core integrity fell below 20% 735 | -10/Mines | Destroyed by D-53 Grenadier with Mini Grenade Launcher Last Messages --------------- 00578_ G-47 Trooper destroyed. 00584_ Acquired 56 matter. 00590_ Acquired 4 matter. 00653_ K-01 Serf cleans the Laser Drill. 00654_ ALERT: Infestation in the mines, dispatching Demolisher response squad. 00656_ K-01 Serf cleans the Laser Drill. 00695_ K-01 Serf collects debris. 00710_ as-90293 destroyed. 00718_ The unstable cave ceiling collapses. 00718_ Acquired 3 matter. 00719_ as-26449 destroyed. 00724_ Wheel destroyed. 00729_ as-05484 destroyed. 00730_ The unstable cave ceiling collapses. 00730_ Hvy. Assault Rifle destroyed. 00730_ 7O-809(g) destroyed. 00731_ as-31188 destroyed. 00732_ The unstable cave ceiling collapses. 00733_ Lgt. Ion Engine destroyed. Map ----- +----------------------------------------------------+ | # #???# ####??# #????????????????????????????????? | | # ##### #??# ## ###??????????????????????????????? | | % #??# #???######?????????????????????? | | #??###### #??## ##????????????????????? | | #########?????### #?## #????????????????????? | | #????????????## ### #????????????????????? | | ????????????## ##????????????????????? | | ???########## ######?????????????????????? | | ???# ##??????????????????????????? | | ???# ######## ##???????????????????????????? | | ??## ######?## ##????????????????????????????? | | ### #??## ##?????????????????????????????? | | #???## #??????????????????????????????? | | #????# #??????????????????????????????? | | ### #????# ####???????????????????????????? | | ### #????# #???????????????????????????? | | #????# #???????????????????????????? | | ### #????#### #???????????????????????????? | | # #???????# #???????????????????????????? | | #X #???????# ###?????????????????????????? | | #???????# ########??????????????????? | | #???????### ##?????????????????? | | # #?????????# ##????????????????? | | # #????????## #????????????????? | | ### #?######## ##????????????????? | | ??###### ###?# # @ ##### #?????????? | | ???????# #???# """ ## #?????????? | | ?####### ##### """ # #?????????? | | ?# """ # d #######?????????? | | ?# ##### ##### ## ###???????????????? | | ?# #???# #???###### d #####?????????????????? | | ?# #???# #???????# ##?????????????????????? | | ?# #???# #???????# #??????????????????????? | | ?# #???# ?????? # #??????????????????????? | | ?# #???###?????## # ???????????????????????? | | ?# #????????????## ##???????????????????????? | | ?# #?????????????## ?????????????????????????? | | ?# #??????????????# ?????????????????????????? | | ## #??????????????### # ?????????????????????????? | | # ########??????????##??????????????????????????? | | #????????????????????????????????????? | | #######??????????????????????????????????????? | | ##???????????????????????????????????????????? | | | #???????????????????????????????????????????? | | #??????????????????????????????????????????? | | ######??????????????????????????????????????????? | | #????????????????????????????????????????????????? | | ?????????????????????????????????????????????????? | | ?????????????????????????????????????????????????? | | | +----------------------------------------------------+ Best States ------------- Heat Dissipation 25 Energy Generation 10 Energy Capacity 250 Matter Stores 300 Matter Capacity 300 Sight Range 16 Terrain Scan Density 10 Evasion (%) 44 Item Schematics ----------------- None Robot Schematics ------------------ None Fabricated ------------ Nothing Alien Tech Used ----------------- None Achievements -------------- None Challenges ------------ None Game ------ Seed LongswordStasisPropulsion Manual? 0 Play Time 00:09:23 Cumulative 246.8 hours Start 2020.09.26 @ 18:39:24 End 2020.09.26 @ 18:46:29 Sessions 1 Manual Loads 0 Difficulty Rogue Special Mode None Game No. 130 Rogue 130 Adventurer 0 Explorer 0 Win Type - Total 10 Types 7/1/1/1/0/0/0/0/0 Lore% 67 Gallery% 82 Achievement% 67 Wizard Run 0 Options --------- ASCII 0 Keyboard 0 Movement Mouse Keybinds 0 Fullscreen 1 Font 24/Smallcaps Map View 76x50 Tactical HUD 1 Map Filters NONE Filters NONE Steam 1 RUN: 942a1ea3-4b4b-4ec7-a678-707f76ba91fb